 Dungeon Crawl Stone Soup version 0.30-a0-743-gbfdf073431 (webtiles) character file.

Game seed: 16409432976951154608

9712 browni3141 the Cleaver (level 11, -7/84 HPs)
             Began as a Mummy Cinder Acolyte on Feb 7, 2023.
             Was a Believer of Ignis.
             Mangled by a catoblepas (12 damage)
             ... while petrified by a catoblepas
             ... in a Gauntlet.
             The game lasted 00:32:04 (12572 turns).

browni3141 the Cleaver (Mummy Cinder Acolyte)      Turns: 12572, Time: 00:32:05

Health: -7/84      AC: 20    Str: 27    XL:     11   Next: 26%
Magic:  13/13      EV:  2    Int: 14    God:    Ignis [**....]
Gold:   649        SH:  0    Dex:  8    Spells: 10/12 levels left

rFire   + . .      SeeInvis .    A - +1 broad axe (venom)
rCold   + . .      Faith    +    (no shield)
rNeg    + + +      Spirit   .    c - +3 leather armour
rPois   ∞          Reflect  .    B - +2 helmet
rElec   .          Harm     .    (no cloak)
rCorr   .          Rampage  .    y - +2 pair of gloves
Will    +....      NoTele   +    (no boots)
Stlth   +                        (no amulet)
HPRegen 0.34/turn                s - +6 ring of strength
MPRegen 0.13/turn                u - ring of protection from fire

@: petrified, fiery-armoured
A: cold resistance 1, negative energy resistance 3, torment resistance 2, heat
vulnerability 1, in touch with death 1, no potions, faith
a: Renounce Religion, Fiery Armour, Foxfire Swarm, Rising Flame


You were in a Gauntlet.
You worshipped Ignis.
Ignis was pleased with you.
You visited 1 branch of the dungeon, and saw 11 of its levels.
You also visited: Bailey and Gauntlet.

You collected 769 gold pieces.
You spent 120 gold pieces at shops.

Inventory:

Hand Weapons
 a - a -1 hand axe of flaming
 d - a +0 club
 j - a +0 spear
 r - a +0 war axe
 w - a +0 heavy hand axe
 A - a +1 broad axe of venom (weapon)
Missiles
 h - 30 poisoned darts
 n - a throwing net
 p - 5 silver boomerangs
 q - 12 boomerangs
 E - 15 curare-tipped darts (quivered)
 I - 8 datura-tipped darts
Armour
 b - a +0 robe
 c - a +3 leather armour (worn)
 i - a +2 robe of willpower
 m - a +0 plate armour
 y - a +2 pair of gloves (worn)
 B - a +2 helmet (worn)
Jewellery
 f - a ring of willpower
 l - a ring of magical power
 s - a +6 ring of strength (left hand)
 u - a ring of protection from fire (right hand)
 v - a ring of see invisible
 C - a ring of wizardry
 H - a ring of willpower
Wands
 x - a wand of flame (25)
 K - a wand of mindburst (10)
 O - a wand of roots (3)
Scrolls
 e - 2 scrolls of immolation
 g - 8 scrolls of teleportation
 k - a scroll of enchant weapon
 o - 3 scrolls of vulnerability
 t - a scroll of amnesia
 z - 2 scrolls of blinking
 D - a scroll of butterflies
 F - 2 scrolls of fog
 G - a scroll of silence
 J - a scroll of noise
 N - a scroll of poison


   Skills:
 * Level 7.0 Fighting
 + Level 11.6 Axes
 * Level 3.9 Throwing
 + Level 4.5 Armour
 - Level 1.3 Spellcasting
 - Level 2.4 Fire Magic
 * Level 5.0 Evocations


You had 10 spell levels left.
You knew the following spells:

 Your Spells              Type           Power      Damage    Failure   Level
a - Scorch                Fire           14%        2d6       16%         2

Your spell library contained the following spells:

 Spells                   Type           Power      Damage    Failure   Level
 Magic Dart               Conj           0%         1d3       28%         1
 Shock                    Conj/Air       0%         1d3       28%         1
 Summon Small Mammal      Summ           0%         N/A       28%         1
 Searing Ray              Conj           0%         2d4       38%         2
 Ozocubu's Armour         Ice            0%         N/A       63%         3
 Summon Guardian Golem    Hex/Summ       0%         N/A       63%         3
 Swiftness                Air            0%         N/A       63%         3
 Airstrike                Air            0%         2d(0-16)  95%         4
 Fulminant Prism          Conj/Hex       0%         3d5       95%         4
 Petrify                  Tmut/Erth      0%         N/A       95%         4
 Irradiate                Conj/Tmut      0%         3d11      100%        5
 Monstrous Menagerie      Summ           0%         N/A       100%        7
 Ozocubu's Refrigeration  Ice            0%         4d7       100%        7
 Fire Storm               Conj/Fire      2%         8d1       100%        9
 Sublimation of Blood     Necr           Unusable   N/A       N/A         2

Dungeon Overview and Level Annotations

Branches:
Dungeon (12/15)            Temple (0/1) D:7            Lair (0/5) D:9
    Orc (0/2) D:12         Bailey (visited)         Gauntlet (1/1)

Altars:
Ashenzari
Hepliaklqana
Kikubaaqudgha
Qazlal
Sif Muna
Vehumet

Shops:
D:3 ?   D:12 (

Annotations:
D:2 1 runed translucent door, Crazy Yiuf Gauntlet 8 transporters, exclusion: ice statue


Innate Abilities, Weirdness & Mutations

You are immune to poison.
Your flesh is cold resistant. (rC+)
You are immune to negative energy. (rN+++)
You are immune to unholy pain and torment.
You are vulnerable to heat. (rF-)
You are in touch with the powers of death.
You do not drink.
You have a special connection with the divine. (Faith)


Message History

The blast of calcifying dust hits you but does no damage.
You hit the catoblepas but do no damage.
The catoblepas is severely wounded.
You are engulfed in calcifying dust.
You are slowing down.
Unknown command.
Unknown command.
Unknown command.
Throw: 16 darts (curare)
Press: ? - help, Q - select action, (/) - cycle Shift-Dir - straight line, f - catoblepas
Aim: a catoblepas (severely wounded, extremely poisoned, slow, 89% to hit)
You throw a curare-tipped dart.
The curare-tipped dart completely misses the catoblepas.
You are engulfed in calcifying dust.
Your limbs have turned to stone.
The catoblepas gores you!
The catoblepas is burned by your cloak of flames.
The catoblepas is severely wounded.
You have turned to stone.
You are engulfed in calcifying dust.
The catoblepas gores you but does no damage.
You are engulfed in calcifying dust.
The catoblepas is no longer moving slowly.
The catoblepas breathes a plume of calcifying dust at you.
The blast of calcifying dust hits you!
You are engulfed in calcifying dust.
The catoblepas gores you!
* * * LOW HITPOINT WARNING * * *
You are engulfed in calcifying dust.
The catoblepas gores you!
* * * LOW HITPOINT WARNING * * *
The catoblepas is burned by your cloak of flames.
The catoblepas is almost dead.
You are engulfed in calcifying dust.
The catoblepas gores you!
* * * LOW HITPOINT WARNING * * *
The catoblepas is burned by your cloak of flames.
The catoblepas is almost dead.
You are engulfed in calcifying dust.
The catoblepas breathes a plume of calcifying dust at you.
The blast of calcifying dust hits you.
* * * LOW HITPOINT WARNING * * *
The catoblepas gores you!!
You die...

##≈.#.zz###.#.#.#.#.#.#.≈
##.#..z###.###..#©#..#.#
##≈.#z##z...#.#.#.#.#.#.≈
#≈≈.#z##zz#.#.#.#.#.#.#.≈
##≈.#zzzzzz.#.#..#.#h2#.≈
##.#########.#########.#
##≈....#©.........©#....≈
#≈≈..8.#.8.8.8.8.8.#.8..≈
##≈....#@Y.....(..©#....≈
##.###################.#
##≈.##(.9(?##.#.?=©...#.≈
#≈≈.##..###.#.#...8...#.≈
##≈.#.##..#.#.#8.8.8.8#.≈
##.#.#.©#.##.##8.©.8##.#
##≈.##.##..##.#858.8.8#.≈
#≈≈.##.#9##.#.#p..8...#.≈
##≈.#.#.#..##.#5.8#8..#.≈


You could see a catoblepas (very poisoned), a wizard, a gargoyle and 12 flying
skulls.

Vanquished Creatures
  Pikel (D:5)
  2 manticores (D:12)
  Psyche (D:8)
  A komodo dragon (D:9)
  A rime drake (Gauntlet)
  A troll (D:8)
  Prince Ribbit (D:8)
  Sigmund (D:4)
  10 yaks
  A wyvern (D:9)
  2 wraiths (D:9)
  3 basilisks (D:9)
  Grum (D:8)
  6 steam dragons
  Edmund (D:4)
  2 water moccasins
  An ice beast (D:7)
  7 orc warriors
  A black bear (D:7)
  A sky beast (D:8)
  2 wolves
  4 lemures
  2 phantoms
  11 kobold brigands
  6 bullfrogs
  2 necrophages
  A gnoll sergeant (D:9)
  2 scorpions
  5 wights (D:8)
  2 howler monkeys
  3 jellies
  2 hounds
  2 orc priests
  A gnoll bouda (D:3)
  4 iguanas
  Ijyb (D:3)
  3 orc wizards
  8 gnolls
  5 adders
  A worm (D:2)
  22 orcs
  7 ball pythons
  9 endoplasms
  2 giant cockroaches (D:1)
  6 goblins
  6 hobgoblins
  2 jackals (D:1)
  28 kobolds
  2 quokkas
  8 bats
  3 frilled lizards (D:2)
  A rat (D:1)
208 creatures vanquished.

Vanquished Creatures (others)
  2 orc wizards (D:6)
  2 kobolds (D:6)
4 creatures vanquished.

Grand Total: 212 creatures vanquished

Notes
Turn   | Place    | Note
-------+----------+-------------------------------------------
     0 | D:1      | browni3141 the Mummy Cinder Acolyte began the quest for the
                  | Orb.
     0 | D:1      | Reached XP level 1. HP: 18/18 MP: 2/2
    52 | D:1      | Reached XP level 2. HP: 12/24 MP: 4/4
   110 | D:1      | Reached skill level 3 in Axes
   506 | D:1      | Gained mutation: You are in touch with the powers of death.
                  | [Mummy growth]
   506 | D:1      | Reached XP level 3. HP: 29/29 MP: 5/5
   574 | D:1      | Learned a level 2 spell: Scorch
  1362 | D:2      | Found a runed translucent door.
  1363 | D:2      | Noticed Crazy Yiuf
  2001 | D:3      | Reached skill level 4 in Axes
  2019 | D:3      | Found Meix's Magic Scroll Shoppe.
  2026 | D:3      | Bought a scroll of identify for 24 gold pieces
  2026 | D:3      | Bought a scroll of identify for 24 gold pieces
  2026 | D:3      | Bought a scroll of vulnerability for 48 gold pieces
  2026 | D:3      | Bought a scroll of identify for 24 gold pieces
  2120 | D:3      | Reached XP level 4. HP: 35/35 MP: 6/6
  2570 | D:3      | Noticed an air elemental
  2572 | D:3      | Found a stormy altar of Qazlal.
  2574 | D:3      | Noticed a water elemental
  2602 | D:3      | Noticed an earth elemental
  2606 | D:3      | Noticed a fire elemental
  2888 | D:3      | Noticed Ijyb
  2896 | D:3      | Paralysed by Ijyb for 2 turns
  2899 | D:3      | Paralysed by Ijyb for 4 turns
  2905 | D:3      | Killed Ijyb
  3051 | D:4      | Noticed Edmund
  3109 | D:4      | Noticed a phantom
  3130 | D:3      | Killed a phantom
  3131 | D:3      | Reached skill level 5 in Axes
  3131 | D:3      | Reached XP level 5. HP: 30/41 MP: 1/7
  3246 | D:4      | Noticed Sigmund
  3271 | D:4      | Killed Sigmund
  3272 | D:4      | Reached skill level 6 in Axes
  3272 | D:4      | Reached XP level 6. HP: 31/47 MP: 2/8
  3502 | D:4      | Killed Edmund
  3503 | D:4      | Reached XP level 7. HP: 29/52 MP: 9/9
  3849 | D:4      | Reached skill level 7 in Axes
  4296 | D:4      | Found a radiant altar of Vehumet.
  4297 | D:4      | Found a broken altar of Ashenzari.
  4298 | D:4      | Found a hazy altar of Hepliaklqana.
  4298 | D:4      | Found an ancient bone altar of Kikubaaqudgha.
  4371 | D:5      | Entered Level 5 of the Dungeon
  4371 | D:5      | Noticed Pikel
  4814 | D:5      | Killed Pikel
  4815 | D:5      | Reached skill level 8 in Axes
  4815 | D:5      | Reached XP level 8. HP: 33/61 MP: 1/10
  5111 | D:6      | Reached skill level 5 in Fighting
  5123 | D:6      | Reached skill level 1 in Evocations
  5530 | D:6      | Reached skill level 9 in Axes
  5736 | D:6      | Reached XP level 9. HP: 58/69 MP: 11/11
  6046 | D:7      | Found a staircase to the Ecumenical Temple.
  7486 | D:8      | Noticed Psyche
  7493 | D:8      | Reached skill level 10 in Axes
  7498 | D:8      | Killed Psyche
  7499 | D:8      | Reached skill level 1 in Armour
  7501 | D:8      | Noticed Grum
  7706 | D:8      | Reached XP level 10. HP: 46/76 MP: 12/12
  7710 | D:8      | Noticed Prince Ribbit
  7728 | D:8      | Killed Prince Ribbit
  7840 | D:8      | Found a flagged portal.
  8016 | Bailey   | Entered a bailey
  8092 | Bailey   | Reached skill level 11 in Axes
  8328 | Bailey   | Reached skill level 1 in Throwing
  8393 | Bailey   | Identified the +11 great sword of Deformation {freeze,
                  | rElec}
  8576 | Bailey   | Got the Precepts of Incandescent Sidekicks
  8580 | Bailey   | Found an iron altar of Okawaru.
  9097 | D:8      | Killed Grum
 11147 | D:9      | Reached XP level 11. HP: 44/83 MP: 13/13
 11319 | D:9      | Found a staircase to the Lair.
 11653 | D:10     | Entered Level 10 of the Dungeon
 11920 | D:10     | You fall into a shaft and drop 2 floors!
 11920 | D:12     | Found a shimmering blue altar of Sif Muna.
 11925 | D:12     | Found a staircase to the Orcish Mines.
 12142 | D:12     | Found Liyjaq's Weapon Emporium.
 12202 | D:12     | Reached skill level 5 in Evocations
 12224 | D:12     | Found a gate leading to a gauntlet.
 12233 | Gauntlet | Entered a Gauntlet
 12233 | Gauntlet | Found a transporter.
 12233 | Gauntlet | Found a transporter.
 12233 | Gauntlet | Found a runed translucent door.
 12241 | Gauntlet | Found a runed translucent door.
 12242 | Gauntlet | Found a transporter.
 12242 | Gauntlet | Found a transporter.
 12258 | Gauntlet | Found a transporter.
 12260 | Gauntlet | Noticed a catoblepas
 12267 | Gauntlet | Found a transporter.
 12270 | Gauntlet | Found a transporter.
 12278 | Gauntlet | Found a transporter.
 12291 | Gauntlet | Noticed a hell beast
 12295 | Gauntlet | Found a transporter.
 12309 | Gauntlet | Found a transporter.
 12313 | Gauntlet | Found a transporter.
 12316 | Gauntlet | Noticed a wizard
 12321 | Gauntlet | Found a transporter.
 12571 | Gauntlet | HP: 4/84 [catoblepas/blast of calcifying dust (2)]
 12572 | Gauntlet | Mangled by a catoblepas

Illustrated notes

Levels and vault maps discovered:
D:1:      minmay_arrival_four_loops, layout_basic, bh_walls_and_bars
D:2:      layout_loops_cross, minivault_26, uniq_crazy_yiuf_cottage
D:3:      layout_loops_corners, nicolae_qazlal_style_of_elements, serial_shops,
          nicolae_shop_waterfront, uniq_ijyb
D:4:      layout_gridville, mainiacjoe_overflow_alcove_3,
          kennysheep_generic_room_5, uniq_sigmund, uniq_edmund
D:5:      layout_rooms, uniq_pikel
D:6:      layout_basic
D:7:      layout_layer_cave, minmay_temple_entry_mini_moons
D:8:      wander_river, layout_basic, enter_bailey_2, kennysheep_flooded_box,
          minmay_misc_feat_rows, uniq_prince_ribbit1, uniq_psyche, uniq_grum
D:9:      layout_basic, erik_lair_dragon, minmay_misc_feat_nine_boxes
D:10:     layout_loops_ring, nicolae_ru_path_of_blood,
          mainiacjoe_overflow_alcove_4, uniq_fannar
D:12:     kennysheep_four_of_diamonds, layout_basic, gauntlet_entry_generic,
          serial_shops, shop, nicolae_sif_muna_condensation
Gauntlet: minmay_gauntlet_77_indecision [minmay_gauntlet_arena_77_double_cross,
          minmay_gauntlet_arena_77_shame_cube,
          minmay_gauntlet_arena_77_terracotta_army,
          minmay_gauntlet_arena_77_mess, minmay_gauntlet_arena_77_braids,
          minmay_gauntlet_arena_77_block_sizes, gauntlet_exit_hidden_loot]

Skill      XL: |  1  2  3  4  5  6  7  8  9 10 11 |
---------------+----------------------------------+-----
Axes           | 3 4 5 6 8 9 10 11 | 11.6
Fighting       | 4 5 6 7 |  7.0
Evocations     | 2 4 5 |  5.0
Armour         | 2 4 |  4.5
Throwing       | 3 |  3.9
Spellcasting   | |  1.3
Fire Magic     | |  2.4

Action                     |  1- 3 |  4- 6 |  7- 9 | 10-12 || total
---------------------------+-------+-------+-------+-------++-------
  Melee: Hand axe          |    15 |       |       |       ||    15
         Club              |    85 |       |       |       ||    85
         Spear             |    41 |    56 |     6 |       ||   103
         Punch             |       |     1 |     1 |     4 ||     6
         War axe           |       |       |   196 |   107 ||   303
         Broad axe         |       |       |       |   222 ||   222
  Throw: Dart              |     1 |     4 |       |    32 ||    37
         Throwing net      |       |       |       |     1 ||     1
   Cast: Scorch            |     2 |    16 |    50 |    15 ||    83
 Invoke: Fiery Armour      |     2 |     2 |     1 |     3 ||     8
  Evoke: Wand              |       |       |    11 |    10 ||    21
    Use: Scroll            |     5 |     3 |     4 |    13 ||    25
 Armour: Robe              |    64 |       |       |       ||    64
         Leather armour    |     2 |    29 |   113 |   149 ||   293
  Dodge: Dodged            |   110 |    37 |   128 |   163 ||   438

Table legend: (Time is in decaauts)
 A = Elapsed time spent in this place.
 B = Non-inter-level travel time spent in this place.
 C = Inter-level travel time spent in this place.
 D = Time resting spent in this place.
 E = Time spent auto-exploring this place.
 F = Levels seen in this place.
 G = Mean time per level.
                   A        B        C        D        E       F      G
               +--------+--------+--------+--------+--------+-----+--------+
         Total |  12677 |  11954 |    723 |   2231 |   7314 |  13 |  975.2 |
       Dungeon |  11436 |  10713 |    723 |   1676 |   7004 |  11 | 1039.6 |
        Bailey |    904 |    904 |      0 |    480 |    218 |   1 |  904.0 |
      Gauntlet |    336 |    336 |      0 |     75 |     91 |   1 |  336.0 |
               +--------+--------+--------+--------+--------+-----+--------+

Top non-repeatable levels by time:
     D:9: 1764 daAuts
     D:7: 1584 daAuts
     D:3: 1511 daAuts
     D:8: 1444 daAuts
     D:2: 1022 daAuts
     D:4: 1017 daAuts
     D:1: 973 daAuts
  Bailey: 904 daAuts
     D:6: 781 daAuts
     D:5: 757 daAuts
Gauntlet: 336 daAuts
    D:12: 312 daAuts
    D:10: 267 daAuts
